 Dungeon Crawl Stone Soup version 0.16.0-17-g811c1d7 (webtiles) character file.

7 Antunes the Stinger (level 1, 0/13 HPs)
             Began as a Vampire Venom Mage on Mar 22, 2015.
             Slain by a hobgoblin
             ... wielding a +0 club
              (1 damage)
             ... on level 1 of the Dungeon.
             The game lasted 00:04:14 (328 turns).

Antunes the Stinger (Vampire Venom Mage)             Turns: 328, Time: 00:04:15

Health: 0/13       AC:  2    Str:  7    XL:     1   Next: 91%
Magic:  1/3        EV: 12    Int: 17    God:
Gold:   7          SH:  0    Dex: 14    Spells: 1 memorised, 3 levels left

rFire  . . .     SeeInvis +     f - +0 short sword
rCold  . . .     Clarity  .     a - +0 robe
rNeg   + . .     SustAb   .     (no shield)
rPois  .         Gourm    .     (no helmet)
rElec  .         Spirit   .     (no cloak)
rCorr  .         Warding  .     (no gloves)
rMut   .         Stasis   .     (no boots)
MR     .....                    (no amulet)
Stlth  ++........               (no ring)
                                (no ring)

@: very slightly contaminated, not resistant to hostile enchantments, unstealthy
A: bottle blood, fangs 3, see invisible, unbreathing
a: no special abilities


You were on level 1 of the Dungeon.
You were not thirsty.

You visited 1 branch of the dungeon, and saw 2 of its levels.

You collected 7 gold pieces.


Innate Abilities, Weirdness & Mutations

You can bottle blood from corpses.
You have razor-sharp teeth.
You have supernaturally acute eyesight.
You can survive without breathing.


   Skills:
 * Level 0.1 Fighting
 * Level 2.3 Dodging
 * Level 3.1 Stealth
 * Level 2.1 Spellcasting
 + Level 3.8 Poison Magic


You had 3 spell levels left.
You knew the following spells:

 Your Spells              Type           Power        Failure   Level  Hunger
a - Sting                 Conj/Pois      #...         12%         1    #......


Dungeon Overview and Level Annotations

Branches:
Dungeon (2/15)

Altars:

Inventory:

Hand weapons
 f - a +0 short sword (weapon)
   (You took it off a kobold on level 1 of the Dungeon)
Missiles
 h - 3 tomahawks (quivered)
Armour
 a - a +0 robe (worn)
Scrolls
 d - 3 scrolls of identify {unknown}
 e - a scroll of fear {unknown}
 g - a scroll of enchant weapon {unknown}
Potions
 c - a potion of blood
Books
 b - a Young Poisoner's Handbook

.#.##....#.###..#..l.#
.#.#..##.#...#..#.####
##...##..###.#..#$######
#...#..).##............#
#.....#.....#...........
#...##...######..........
...#...#.# #.g........
##....##.# #.g........
.....###.# ####.@........
.......#.###.............
.....#........##........
#..#.###......#.........
#..#.#####..............
#.#........####)........
..#..######.............
....## ...............
....# ...#####.......


You could see 2 hobgoblins.


Message History

You are momentarily dazzled by a flash of light!
Casting: Sting
Confirm with . or Enter, or press ? or * to list all spells.
You don't have enough magic to cast that spell.
Unknown command.
The hobgoblin shouts!
Casting: Sting
Confirm with . or Enter, or press ? or * to list all spells.
Aiming: Sting
Press: ? - help, Shift-Dir - straight line, f - giant gecko
Aim: a giant gecko (clinging)
You miscast Sting.
You feel faint for a moment.
You closely miss the giant gecko. The giant gecko barely misses you.
You hit the giant gecko.
The giant gecko is severely wounded.
The giant gecko closely misses you.
You closely miss the giant gecko.
The giant gecko is severely wounded.
The giant gecko bites you. The giant gecko misses you.
You closely miss the giant gecko.
The giant gecko is severely wounded.
The giant gecko bites you but does no damage.
You closely miss the giant gecko.
The giant gecko is severely wounded.
The giant gecko bites you.
You barely miss the giant gecko.
The giant gecko is severely wounded.
The giant gecko barely misses you. The giant gecko bites you.
You miss the giant gecko.
The giant gecko is severely wounded.
The giant gecko bites you.
* * * LOW HITPOINT WARNING * * *
You miss the giant gecko.
The giant gecko is severely wounded.
The giant gecko bites you.
* * * LOW HITPOINT WARNING * * *
You closely miss the giant gecko.
The giant gecko is severely wounded.
The giant gecko barely misses you. The giant gecko closely misses you.
Casting: Sting
Confirm with . or Enter, or press ? or * to list all spells.
Aiming: Sting
Press: ? - help, Shift-Dir - straight line, f/p - giant gecko
Aim: a giant gecko (severely wounded, clinging)
The sting hits the giant gecko.
You kill the giant gecko!
Found 9 gold pieces.
There is a stone staircase leading down here.
The hobgoblin hits you with a club.
You die...

Action                   || total
-------------------------++-------
Melee: Short sword       ||    16
       Unarmed           ||     1
 Cast: Sting             ||     9
  Eat: Corpse            ||     2

Vault maps used:
D:1:      dpeg_arrival_rhombi
D:2:      nrook_mini_vaults, grunt_gozag_statues

Notes
Turn   | Place    | Note
--------------------------------------------------------------
     0 | D:1      | Antunes, the Vampire Venom Mage, began the quest for the Orb.
     0 | D:1      | Reached XP level 1. HP: 13/13 MP: 3/3
   313 | D:1      | HP: 3/13 [giant gecko (2)]
   314 | D:1      | HP: 1/13 [giant gecko (2)]
   328 | D:1      | Slain by a hobgoblin

Vanquished Creatures
  A bat (D:1)
  A hobgoblin (D:1)
  2 kobolds (D:1)
  A giant gecko (D:1)
  A goblin (D:1)
  2 rats (D:1)
8 creatures vanquished.

Vault maps used:
D:1:      dpeg_arrival_rhombi
D:2:      nrook_mini_vaults, grunt_gozag_statues

Table legend:
 A = Turns spent in this place as a percentage of turns spent in the entire game.
 B = Non-inter-level travel turns spent in this place as a percentage of non-inter-level travel turns spent in the entire game.
 C = Inter-level travel turns spent in this place as a percentage of turns spent in this place.
 D = Turns resting spent in this place as a percentage of non-inter-level travel turns spent in this place.
 E = Turns spent auto-exploring this place as a percentage of non-inter-level travel turns spent in this place.
 F = Non-inter-level travel turns spent in this place divided by the number of levels of this place that you've seen.
                   A       B       C       D       E      F
               +-------+-------+-------+-------+-------+----------------------
         Total | 100.0 | 100.0 |   0.0 |   5.8 |   5.8 |  77.0
       Dungeon | 100.0 | 100.0 |   0.0 |   5.8 |   5.8 |  77.0
               +-------+-------+-------+-------+-------+----------------------

Table legend:
 A = Kills in this place as a percentage of kills in entire the game.
 B = Kills by you in this place as a percentage of kills by you in the entire game.
 C = Kills by friends in this place as a percentage of kills by friends in the entire game.
 D = Other kills in this place as a percentage of other kills in the entire game.
 E = Experience gained in this place as a percentage of experience gained in the entire game.
 F = Experience gained in this place divided by the number of levels of this place that you have seen.
                   A       B       C       D       E      F
               +-------+-------+-------+-------+-------+----------------------
         Total | 100.0 | 100.0 |  -nan |  -nan | 100.0 |   5.5
       Dungeon | 100.0 | 100.0 |  -nan |  -nan | 100.0 |   5.5
               +-------+-------+-------+-------+-------+----------------------
